Map: Lost and Found LE

Players

Has

  • Race: Protoss Protoss
  • League: Master
  • Spawn Location: 1:00

HeroMarine - Winner!

  • Race: Terran Terran
  • Spawn Location: 7:00

Event: WCS Austin 2018

VOD

Have the link to the VOD?

Description

Time

  • Played on: June 1, 2018, 11:44 p.m.
  • Length: 10:00

All games in this series

Show
View Real Time Build Order
Export as new Build Order

Has Protoss 

Build Orders: Phoenix Opening 

Get SALT Encoding   

  12  0:08  Pylon  
  12  0:13  Probe  
  13  0:26  Gateway  
  13  0:30  Probe  
  14  0:42  Probe  
  15  0:44  Assimilator  
  15  0:54  Probe  
  15  0:55  Assimilator  
  16  1:06  Probe  
  17  1:13  Cybernetics Core  
  17  1:17  Pylon  
  17  1:18  Probe  
  18  1:30  Probe  
  19  1:42  Probe  
  20  1:47  Adept  
  20  1:51  Stargate  
  20  1:52  Shield Battery  
  23  2:07  Pylon  
  23  2:08  Probe  
  23  2:10  Adept  
  25  2:22  Pylon  
  25  2:27  Stargate  
  25  2:32  Adept, Probe, Warp Gate  
  28  2:45  Shield Battery  
  28  2:57  Probe  
  29  3:02  Phoenix  
  28  3:11  Probe  
  29  3:22  Phoenix  
  29  3:23  Probe  
  28  3:33  Pylon  
  30  3:35  Probe  
  30  3:38  Pylon  
  30  3:40  Phoenix  
  34  3:51  Probe  
  34  4:00  Phoenix  
  34  4:02  Gateway  
  34  4:12  Probe  
  33  4:18  Gateway  
  35  4:31  Probe  
  35  4:38  Pylon  
  34  4:41  Stalker  
  36  4:52  Pylon  
  36  4:58  Gateway, Stargate  
  36  5:02  Sentry  
  36  5:06  Sentry  
  40  5:17  Stalker  
  42  5:21  Pylon  
  42  5:32  Stalker x2  
  46  5:36  Phoenix  
  46  5:41  Stalker  
  50  5:55  Stalker  
  50  5:56  Zealot  
  54  6:05  Stalker  
  56  6:13  Stalker  
  50  6:37  Stalker x2, Zealot  
  46  6:59  Phoenix  
  38  7:18  Nexus  
  38  7:22  Zealot x2, Sentry  
  44  7:26  Stalker  
  46  7:44  Stalker x2  
  50  7:52  Stalker  
  52  8:04  Phoenix  
  52  8:15  Zealot x2  
  58  8:22  Zealot  
  60  8:35  Stalker  
  60  8:36  Stalker  
  64  8:53  Stalker x2  
  50  9:12  Probe x2  
  38  9:19  Twilight Council  
  38  9:20  Probe x2  
  38  9:23  Assimilator x2  
  38  9:30  Probe x2  
  40  9:34  Pylon  
  42  9:42  Probe x2  
Show
View Real Time Build Order
Export as new Build Order

HeroMarine Terran - Winner!

Build Orders:  

Get SALT Encoding   

  12  0:00  SCV  
  13  0:12  SCV  
  14  0:17  Supply Depot  
  14  0:24  SCV  
  14  0:28  Refinery  
  15  0:38  SCV  
  16  0:44  Barracks  
  16  0:50  SCV  
  17  1:03  SCV  
  18  1:15  SCV  
  19  1:30  Marine  
  19  1:31  Orbital Command  
  20  1:36  Factory  
  20  1:44  Supply Depot  
  20  1:48  Marine  
  21  1:57  SCV  
  21  1:59  Bunker  
  22  2:06  Marine  
  23  2:09  SCV  
  24  2:21  SCV  
  25  2:25  Marine  
  25  2:26  Hellion  
  28  2:33  SCV  
  29  2:39  Starport  
  29  2:40  Refinery  
  29  2:43  Supply Depot  
  29  2:48  SCV  
  29  2:59  Marine  
  29  3:00  SCV  
  30  3:11  Cyclone  
  30  3:12  SCV  
  31  3:17  Marine  
  31  3:24  SCV  
  31  3:26  Viking  
  31  3:35  Marine  
  31  3:38  Engineering Bay  
  31  3:40  Bunker  
  31  3:44  Cyclone  
  35  3:53  Marine  
  35  3:54  Supply Depot  
  35  3:56  SCV  
  35  4:08  SCV  
  36  4:18  Cyclone, Marine  
  40  4:26  Viking  
  40  4:30  SCV  
  43  4:43  SCV, Missile Turret  
  44  4:46  Barracks Reactor  
  44  5:03  Command Center  
  44  5:05  Factory Tech Lab  
  44  5:09  SCV  
  44  5:22  SCV  
  44  5:24  Supply Depot  
  45  5:30  Barracks  
  45  5:34  SCV  
  46  5:46  Siege Tank, SCV  
  46  5:47  Marine x2  
  52  5:58  SCV  
  53  6:05  Barracks  
  53  6:09  Starport Reactor  
  53  6:10  SCV  
  54  6:14  Marine  
  55  6:18  Marine  
  55  6:23  SCV  
  55  6:25  Orbital Command  
  54  6:32  Marine x2  
  42  6:39  Siege Tank  
  36  6:45  Marine  
  29  6:48  Orbital Command  
  28  6:55  Marine  
  29  7:03  Marine  
  29  7:12  Marine x2  
  29  7:13  Marine  
  29  7:14  SCV x2  
  34  7:21  Marine  
  35  7:25  Medivac  
  35  7:26  SCV x2  
  38  7:38  SCV x2  
  38  7:43  Stimpack, Marine  
  41  7:45  Marine x2  
  41  7:46  Barracks  
  41  7:50  SCV x2  
  45  7:56  Starport Reactor  
  45  7:57  Factory Tech Lab  
  45  8:01  Terran Infantry Weapons Level 1  
  45  8:02  SCV  
  45  8:03  SCV  
  45  8:05  Marine  
  48  8:07  Marine  
  48  8:10  Marine  
  50  8:14  SCV  
  50  8:15  SCV  
  50  8:19  Siege Tank  
  55  8:26  Orbital Command  
  55  8:31  Missile Turret  
  55  8:34  Marine x2  
  56  8:35  Medivac  
  56  8:37  Marine, SCV  
  60  8:41  Marine x2  
  62  8:49  SCV  
  62  8:52  Marine, SCV  
  64  9:06  Marine x2  
  64  9:07  Marine x2  
  57  9:10  Marine  
  57  9:11  SCV x2  
  54  9:20  Medivac  
  54  9:23  Medivac, Marine  
  54  9:24  Marine  
  59  9:25  Marine  
  59  9:26  SCV  
  63  9:32  Marine  
  63  9:35  Marine  
  65  9:38  SCV  
  65  9:42  SCV  
  67  9:58  Missile Turret  
  70  10:00  Supply Depot  
Tags
 
Add a new tag
Caveats
  • Supply blocks, unpowered buildings, or Contaminate may cause inaccurate times.
  • Supply counts are checked every 10 seconds.